 Dungeon Crawl Stone Soup version 0.30.0-5-g1a98f26d00 (webtiles) character file.

Game seed: 5229886268485676036

52 AlmostDecent the Trooper (level 3, -1/29 HPs)
             Began as a Demonspawn Fighter on May 10, 2023.
             Slain by an orc
             ... wielding a +0 whip
              (2 damage)
             ... on level 2 of the Dungeon.
             The game lasted 00:04:08 (1716 turns).

AlmostDecent the Trooper (Demonspawn Fighter)       Turns: 1716, Time: 00:04:09

Health: -1/29      AC:  6    Str: 16    XL:     3   Next: 60%
Magic:  0/3        EV:  8    Int:  9    God:
Gold:   69         SH:  4    Dex: 14    Spells: 2/2 levels left

rFire   . . .        g - +0 broad axe
rCold   . . .        c - +0 buckler
rNeg    . . .        b - +0 scale mail
rPois   .            (helmet restricted)
rElec   .            (no cloak)
rCorr   .            (no gloves)
SInv    .            (no boots)
Will    .....        k - amulet of guardian spirit Stlth
                     (no ring)
HPRegen 0.24/turn    (no ring)
MPRegen 0.08/turn

%: guardian spirit
@: attractive
A: horns 1
a: no special abilities


You were on level 2 of the Dungeon.
You visited 1 branch of the dungeon, and saw 3 of its levels.

You collected 69 gold pieces.

Inventory:

Hand Weapons
 a - a +0 war axe
 g - a +0 broad axe (weapon)
Missiles
 f - 3 javelins (quivered)
Armour
 b - a +0 scale mail (worn)
 c - a +0 buckler (worn)
Jewellery
 k - an amulet of guardian spirit (around neck)
Scrolls
 e - 2 scrolls of teleportation {unknown}
 h - 3 scrolls of identify {unknown}
 i - 2 scrolls of amnesia {unknown}
 n - 2 scrolls of enchant weapon {unknown}
 o - a scroll of summoning {unknown}
 t - a scroll of vulnerability {unknown}
Potions
 d - 2 potions of might
 j - a potion of attraction
 l - 2 potions of haste {unknown}
 m - 2 potions of brilliance {unknown}
 p - a potion of magic {unknown}
 q - a potion of resistance {unknown}
 r - a potion of curing {unknown}
 s - a potion of lignification {unknown}


   Skills:
 + Level 3.4 Fighting
 * Level 3.3 Axes
 - Level 2.7 Armour
 + Level 0.1 Stealth
 - Level 2.7 Shields


You had 2 spell levels left.
You didn't know any spells.
Your spell library contained the following spells:

 Spells                   Type           Power      Damage    Failure   Level
 Fireball                 Conj/Fire      0%         3d3       100%        5
 Iskenderun's Battlesphe  Conj           0%         2d6       100%        5
 Conjure Ball Lightning   Conj/Air       0%         3x3d6     100%        6
 Orb of Destruction       Conj           0%         9d5       100%        7


Dungeon Overview and Level Annotations

Branches:
Dungeon (3/15)

Altars:


Innate Abilities, Weirdness & Mutations

You have a pair of small horns on your head.


Message History

The orc hits you with a +0 club. The orc hits you with a +0 whip.
The orc hits you with a +0 club. The orc hits you with a +0 whip.
You barely miss the orc. Your headbutt misses the orc.
You closely miss the orc.
You feel less confused. The orc hits you with a +0 club.
The orc closely misses you.
You hit the orc but do no damage. You headbutt the orc, but do no damage.
You barely miss the orc. The orc hits you with a +0 club.
You block the orc's attack. The orc hits you but does no damage. x2
You hit the orc but do no damage. You headbutt the orc, but do no damage.
You closely miss the orc. The orc barely misses you.
The orc hits you with a +0 whip.
You hit the orc but do no damage. You headbutt the orc.
The orc is moderately wounded.
You hit the orc. The orc hits you with a +0 club. You block the orc's attack.
The orc hits you but does no damage. The orc hits you with a +0 whip.
You hit the orc but do no damage.
The orc is moderately wounded.
You closely miss the orc. The orc hits you with a +0 club.
* * * LOW HITPOINT WARNING * * *
The orc hits you with a +0 whip.
* * * LOW HITPOINT WARNING * * *
You closely miss the orc. You headbutt the orc.
The orc is severely wounded.
You hit the orc but do no damage. The orc hits you with a +0 club.
* * * LOW HITPOINT WARNING * * *
The orc barely misses you. The orc hits you with a +0 club.
* * * LOW HITPOINT WARNING * * *
The orc hits you with a +0 whip.
* * * LOW HITPOINT WARNING * * *
You barely miss the orc.
The orc is severely wounded.
You hit the orc. The orc hits you but does no damage.
The orc closely misses you.
It was a potion of attraction.
You feel attractive to monsters. The orc hits you with a +0 club.
* * * LOW HITPOINT WARNING * * *
The orc hits you with a +0 whip.
You die...

#.#.## #..#.### #.#.#
#..#.##### #.#.#
#..#.....# #.#.#
#..#####.# #.#.###
#..# #.# #.....# #..#
#.# ###.#.# #..#####..
###.#o# #.........
#...#@########.#####..
#.###.o...............
#.# ##########.....#..
#.# ######.#.. #.#
#....††).. #.#
#.####.#.. #.#
#>..)..#.. #.#
#..#####.. #.# #..#
#...


You could see 2 orcs.

Vanquished Creatures
  An adder (D:2)
  A worm (D:2)
  An orc (D:2)
  6 ball pythons
  A bat (D:2)
  6 endoplasms
  A giant cockroach (D:1)
  5 goblins
  2 hobgoblins (D:1)
  3 quokkas
  4 frilled lizards
  A kobold (D:1)
  A rat (D:1)
33 creatures vanquished.

Notes
Turn   | Place    | Note
-------+----------+-------------------------------------------
     0 | D:1      | AlmostDecent the Demonspawn Fighter began the quest for the
                  | Orb.
     0 | D:1      | Reached XP level 1. HP: 18/18 MP: 1/1
   268 | D:1      | Gained mutation: You have a pair of small horns on your
                  | head. [demonic ancestry]
   268 | D:1      | Reached XP level 2. HP: 24/24 MP: 2/2
   563 | D:1      | Found a faded altar of an unknown god.
  1244 | D:2      | Reached XP level 3. HP: 29/29 MP: 3/3
  1716 | D:2      | HP: 1/29 [orc/+0 club (2)]
  1716 | D:2      | Slain by an orc

Illustrated notes

Levels and vault maps discovered:
D:1:      ebering_trefoil_3fold, layout_basic,
          hellmonk_ecumenical_altar_inner_sanctum, minmay_shallow_snake_nest
D:2:      layout_loops_ring
D:3:      corexii_shack_village, layout_rooms, overflow_temple_1_default,
          gammafunk_temple_of_torment, uniq_sigmund

Skill      XL: |  1  2  3 |
---------------+----------+-----
Axes           | 2 3 |  3.3
Fighting       | |  3.4
Armour         | |  2.7
Stealth        | |  0.1
Shields        | |  2.7

Action                     || total
---------------------------++-------
  Melee: War axe           ||    20
         Broad axe         ||    75
         Headbutt          ||    12
    Use: Potion            ||     1
 Armour: Scale mail        ||    45
  Dodge: Dodged            ||    39
  Block: Buckler           ||    20
